Unix NetHack Version 3.7.0-71 Work-in-progress - last build Jan 31 2023 02:41:03 (7ba98a1283f2b7cec35fde026edb48fc825ab8ae,branch:master). Game began 2023-02-03 20:03:16, ended 2023-02-04 13:41:43. HarmathZsolt, neutral female human Monk --- ----.-- --- --.....-- --.--- |.......--- |....-- --- ---- --.--.....--------.....----------------..-- --..-- -----..................[.........[.......------....--- --- ---..---------...------.--..).......)...)........---|%. --- ---.-- --.....--.......----------..-.[......1.--.. -..| |..------....[............--..| --%%..)....-....-- |...| ---- -............................| ---.).----.......| ----..-- |..--- |....--...-----.............-- |.....| |.....%-- |.....-- |....-------........-- |.............| |.....| --.....-- ---- --|......| ----...............^.-- |.<..........-- --...-- |......-- |..---.|.....-- ------.-.....-.....----....|.|..----- ----- --......---- |............| --......|.............------.---.--- --...1..|.-----............-- ---......------...----..| |...|....| --------.dd......--%.----........| |.....---- ---- |....| --.......| |.....^..d@d.......)------......-- |.....| |..^.| --......| |..-------df)...................| ---.>.| --.--- --.....| --- |..--.......-----....--- ----- --- ---.--- ------------- --.--- --- --- HarmathZsolt the Initiate St:17 Dx:16 Co:15 In:10 Wi:10 Ch:10 Neutral S:4294 Dlvl:5 $:0 HP:0(48) Pw:35(40) AC:9 Xp:7/986 T:4635 Latest messages: The raven bites! The raven blinds you! It bites! What do you want to use or apply? [fms-uT or ?*] u You can see again. The raven bites! The raven blinds you! What do you want to use or apply? [fms-uT or ?*] u Nothing seems to happen. It bites! What do you want to use or apply? [fms-uT or ?*] u You can see again. The raven bites! The raven blinds you! What do you want to use or apply? [fms-uT or ?*] u Nothing seems to happen. It bites! What do you want to use or apply? [fms-uT or ?*] u You can see again. The raven bites! The raven blinds you! You hit it. It bites! You kill it! What do you want to use or apply? [fms-uT or ?*] u You can see again. In what direction? . You feel better. You hit the werewolf! The werewolf strikes at thin air! You hit the werewolf! The werewolf bites! You hit the werewolf! The werewolf summons help! A warg suddenly appears next to you! A wolf suddenly appears next to you! A wolf suddenly appears next to you! A wolf suddenly appears next to you! A wolf suddenly appears next to you! The werewolf bites! You stop. Starter is in the way! The wolf bites! The wolf bites! The wolf bites! You die... Do you want your possessions identified? [ynq] (y) y Do you want to see your attributes? [ynq] (y) y Do you want an account of creatures vanquished? [ynaq] (y) y Do you want to see your conduct and achievements? [ynq] (y) y Do you want to see the dungeon overview? [ynq] (y) y Inventory: Weapons c - 2 +0 elven daggers (at the ready) Armor C - an uncursed +0 cloak of invisibility (being worn) Comestibles g - 6 uncursed food rations r - an uncursed tripe ration w - an uncursed lizard corpse Potions q - an uncursed potion of invisibility Tools s - an uncursed blindfold m - an uncursed credit card f - an uncursed leash T - a cursed magic whistle t - a +0 pick-axe (alternate weapon; not wielded) u - a +0 unicorn horn Gems/Stones d - an uncursed worthless piece of violet glass HarmathZsolt the Monk's attributes: Background: You were an Initiate, a level 7 female human Monk. You were neutral, on a mission for Chih Sung-tzu who was opposed by Shan Lai Ching (lawful) and Huan Ti (chaotic). You were in the Gnomish Mines, on level 5. You entered the dungeon 4635 turns ago. You had 986 experience points, 294 more were needed to attain level 8. Your score was 4294 before end-of-game adjustments. Basics: You had 0 out of 48 hit points. You had 35 out of 40 energy points (spell power). Your armor class was 9. Your wallet was empty. Autopickup was off. Final Characteristics: Your strength was 17 (limit:18/100). Your dexterity was 16 (limit:18). Your constitution was 15 (limit:18). Your intelligence was 10 (limit:18). Your wisdom was 10 (limit:18). Your charisma was 10 (limit:18). Final Status: You were not hungry. You were unencumbered. You were bare handed. You were skilled in martial arts. Final Attributes: You were piously aligned. You were sleep resistant. You were poison resistant. You saw invisible. You were warned. You were invisible to others. You were stealthy. You were warded. You were fast. You were lucky. You are dead. Miscellaneous: You encountered 1 bones level. Total elapsed playing time was 59 minutes and 53 seconds. Major events: Turn 1: HarmathZsolt the neutral female human Monk entered the dungeon 1069: attained the rank of Novice (level 3) 1277: entered the Gnomish Mines 1857: attained the rank of Initiate (level 6) 2104: destroyed wispofvapor's ghost, the former Pillager 4635: killed by a wolf Vanquished creatures: a ghost a giant spider a lizard a black unicorn a raven 3 Mordor orcs 3 Uruk-hai a fog cloud a yellow light 2 shriekers 4 gnome leaders 2 gnomish wizards a kobold mummy a floating eye 2 kittens 9 dwarves a kobold shaman 7 hill orcs a centipede a giant bat a dwarf zombie a wererat 6 iguanas 2 killer bees 3 hobbits 3 manes a hobgoblin 6 giant rats 3 cave spiders 20 gnomes 3 geckos 8 jackals 2 kobolds a goblin 4 sewer rats 3 grid bugs a bat 3 lichens a kobold zombie 5 newts 121 creatures vanquished. No species were genocided or became extinct. Voluntary challenges: You were vegetarian. You never hit with a wielded weapon. You read items or engraved 4 times. You never engraved Elbereth. You never genocided any monsters. You never polymorphed an object. You never changed form. You used no wishes. Achievements: You entered a shop. You attained the rank of Novice. You entered the Gnomish Mines. You attained the rank of Initiate. The Dungeons of Doom: levels 1 to 5 Level 1: A fountain, a sink. Level 2: Level 3: A potion shop. Level 4: An altar to Chih Sung-tzu. Stairs down to The Gnomish Mines. Level 5: The Gnomish Mines: levels 5 to 8 Level 5: <- You were here. Final resting place for you, killed by a wolf. Level 6: A grave. Final resting place for wispofvapor-Bar-Hum-Fem-Neu, killed by a wererat. Level 7: Level 8: Game over: ---------- / \ / REST \ / IN \ / PEACE \ / \ | HarmathZsolt | | 0 Au | | killed by a wolf | | | | | | | | 2023 | *| * * * | * _________)/\\_//(\/(/\)/\//\/|_)_______ Goodbye HarmathZsolt the Monk... You died in The Gnomish Mines on dungeon level 5 with 4294 points, and 0 pieces of gold, after 4635 moves. You were level 7 with a maximum of 48 hit points when you died.